 Dungeon Crawl Stone Soup version 0.15.2 (webtiles) character file.

13359 HiobMontag the Hoplite (level 12, -3/102 HPs)
             Began as a Hill Orc Fighter on Dec 9, 2014.
             Was a High Priest of Beogh.
             Killed by divine providence
             ... invoked by Saint Roka
              (12 damage)
             ... on Level 4 of the Orcish Mines.
             The game lasted 02:25:55 (15377 turns).

HiobMontag the Hoplite (Hill Orc Fighter)          Turns: 15377, Time: 02:26:02

HP  -3/102       AC 21     Str 24      XL: 12   Next:  5%
MP   0/25        EV  6     Int  8      God: Beogh [*****.]
Gold 975         SH 12     Dex  9 (10) Spells:  2 memorised, 19 levels left

rFire  . . .     SeeInvis .     P - +2 broad axe (freeze)
rCold  . . .     Clarity  .     X - +0 chain mail {MR+}
rNeg   . . .     rCorr    .     c - +0 shield
rPois  .         rRot     .     u - +0 helmet
rElec  .         Spirit   +     J - +1 cloak
SustAb .         Warding  .     b - +1 pair of gloves
rMut   .         Stasis   .     (no boots)
Gourm  .                        H - amulet of guardian spirit
MR     +....                    (no ring)
                                B - +3 ring of protection

@: heavily drained, somewhat resistant to hostile enchantments, extremely
unstealthy
A: walk on water, hooves 1
a: Smiting, Recall Orcish Followers, Give Item to Named Follower, Renounce
Religion


You were on level 4 of the Orcish Mines.
You worshipped Beogh.
Beogh was extremely pleased with you.
You were not hungry.

You visited 2 branches of the dungeon, and saw 16 of its levels.
You also visited: Sewer and Ossuary.

You collected 1381 gold pieces.
You spent 406 gold pieces at shops.

Inventory:

Hand weapons
 t - a +0 spear
 C - a +1 hand axe of electrocution
 P - a +2 broad axe of freezing (weapon)
 Z - a +0 blowgun
Missiles
 h - 4 silver tomahawks (quivered)
 x - 2 throwing nets
 K - 3 poisoned tomahawks
 V - 25 poisoned needles
Armour
 b - a +1 pair of gloves (worn)
 c - a +0 shield (worn)
 u - a +0 helmet (worn)
 E - a +2 robe of fire resistance
 J - a +1 cloak (worn)
 R - a +0 plate armour
 S - a +1 ring mail
 X - a +0 chain mail of magic resistance (worn)
Magical devices
 f - a wand of confusion (10)
 g - a wand of slowing (5)
 m - a wand of random effects (15) {unknown}
 I - a wand of invisibility (7)
 L - a wand of slowing (14)
 Q - a wand of confusion (8)
 Y - a wand of polymorph (12) {unknown}
Comestibles
 d - 6 meat rations
 w - 7 bread rations
Scrolls
 e - a scroll of identify
 i - 7 scrolls of magic mapping
 n - 5 scrolls of teleportation
 o - 8 scrolls of remove curse
 q - 3 scrolls of blinking
 y - 4 scrolls of recharging
 A - 2 scrolls of enchant armour
 F - 3 scrolls of fog {unknown}
 U - a scroll of amnesia {unknown}
 W - a scroll of random uselessness {unknown}
Jewellery
 v - an uncursed amulet of the gourmand {unknown}
 B - a +3 ring of protection (left hand)
 H - an amulet of guardian spirit (around neck)
Potions
 j - 2 potions of magic
 k - 5 potions of brilliance
 l - 3 potions of resistance
 r - 2 potions of haste
 z - a potion of flight
 M - a potion of might
Books
 D - a book of Battle

   Spells                             Type                      Level
   *Infusion                          Charms                       1
   Shroud of Golubria                 Charms/Translocation         2
   *Song of Slaying                   Charms                       2
   Spectral Weapon                    Hexes/Charms                 3
   Regeneration                       Charms/Necromancy            3
 G - a book of Enchantments

   Spells                             Type                      Level
   Tukima's Dance                     Hexes                        3
   Cause Fear                         Hexes                        4
   Silence                            Hexes/Air                    5
   Deflect Missiles                   Charms/Air                   6
   Haste                              Charms                       6
   Discord                            Hexes                        8


   Skills:
 + Level 8.2(6.2) Fighting
 + Level 8.6(7.1) Axes
 + Level 3.3(3.9) Polearms
 + Level 0.4(0.0) Throwing
 + Level 8.6(6.7) Armour
 + Level 6.5(4.7) Dodging
 + Level 2.1(0.5) Stealth
 + Level 9.2(7.2) Shields
 + Level 5.5(3.7) Spellcasting
 + Level 5.5(3.7) Charms
 + Level 0.4(0.0) Evocations


You had 19 spell levels left.
You knew the following spells:

 Your Spells              Type           Power        Failure   Level  Hunger
a - Infusion              Chrm           #.....       97%         1    #......
b - Song of Slaying       Chrm           #.......     99%         2    ###....


Dungeon Overview and Level Annotations

Branches:
Dungeon (12/15)            Temple (0/1) D:6             Orc (4/4) D:12
   Lair (0/8) D:10
    Elf: Orc:3-4

Altars:
Ashenzari
Dithmenos
Elyvilon
Kikubaaqudgha
Makhleb
Sif Muna
Zin

Shops:
D:4 [   D:10 [   D:12 [   Orc:2 :

Annotations:
D:8 invisible
Orc:4 Saint Roka


Innate Abilities, Weirdness & Mutations

You can walk on water.
You have large cloven feet.


Message History

Your orc hits Saint Roka but does no damage.
Your orc priest calls upon Beogh to heal your orc warrior.
Your orc warrior is healed somewhat.
Your orc warrior closely misses Saint Roka.
Something hits Saint Roka.
Your orc high priest says, "Orckind's got to stick together!"
Your orc high priest hits Saint Roka with a glaive!
Something hits Saint Roka.
Saint Roka mumbles some strange prayers to Beogh against you.
Something smites you!
* * * LOW HITPOINT WARNING * * *
You continue eating.
Your orc hits Saint Roka but does no damage. x2
Your orc priest calls upon Beogh to heal your orc warrior.
Your orc warrior is healed somewhat.
Something hits Saint Roka but does no damage.
Your orc warrior hits Saint Roka but does no damage.
Saint Roka mumbles some strange prayers to Beogh against you.
Something smites you!
You die...

### ....# .. .....
#... ......# #.....
.......### ...)...
......oo@##.<.....
.......oo3#Z.....<.
...##.ooo#(oo...#
#..oooo()....#
##..oooo)...##
#...oo....##
#$...........
.........#.......
........##......


You could see Saint Roka, the friendly Olfrun the orc knight, a friendly orc
high priest (frenzied), a friendly chaos spawn, 3 friendly orc warriors, a
friendly orc priest (frenzied) and 9 friendly orcs.

Vanquished Creatures
  An ugly thing (D:12)
  An orc knight (Orc:1)
  Maurice (D:9)
  Joseph (D:7)
  A queen bee (D:9)
  A wyvern (D:11)
  6 yaks
  2 wraiths (Ossuary)
  3 hippogriffs
  A steam dragon (D:9)
  A water moccasin (D:7)
  4 ogres
  2 ice beasts
  An orc warrior (Orc:4)
  A necrophage (D:8)
  2 black bears
  A phantom (D:11)
  8 centaurs
  A brain worm (D:12)
  3 big kobolds
  3 giant frogs
  5 jellies
  A scorpion (D:10)
  4 wights (Ossuary)
  13 killer bees (D:9)
  A vampire bat (D:9)
  2 crimson imps (D:9)
  A giant frog skeleton (D:8)
  3 hounds
  A centaur skeleton (D:6)
  A quasit (D:7)
  3 orc priests
  3 orc wizards
  A gnoll shaman (D:6)
  5 iguanas
  5 worker ants
  An ogre zombie (D:9)
  A hound zombie (D:7)
  9 adders
  10 gnolls
  4 green rats (Sewer)
  A scorpion zombie (D:5)
  A giant mite (D:4)
  3 shadow imps
  2 worms (D:3)
  An ufetubus (Orc:3)
  2 adder zombies
  An adder skeleton (D:4)
  6 giant geckos
  An ooze (D:5)
  22 orcs
  5 ball pythons
  4 bat skeletons (D:9)
  2 bat zombies
  8 giant cockroaches
  13 hobgoblins
  17 kobolds
  6 quokkas
  2 ball python skeletons (Ossuary)
  16 bats
  A giant gecko skeleton (D:5)
  A giant gecko zombie (D:6)
  11 giant newts
  A giant spore (D:8)
  16 goblins
  A goblin zombie (Orc:3)
  A hobgoblin skeleton (Ossuary)
  6 jackals
  A kobold skeleton (D:7)
  2 kobold zombies (Ossuary)
  2 orc skeletons
  4 orc zombies
  2 quokka zombies (D:7)
  18 rats
  A rat skeleton (D:7)
  A rat zombie (D:6)
  5 ballistomycetes (D:8)
306 creatures vanquished.

Vanquished Creatures (collateral kills)
  Gastronok (D:11)
  Nessos (Orc:3)
  Erolcha (D:10)
  3 orc knights
  An ugly thing (D:11)
  A cyclops (D:11)
  An orange demon (Orc:3)
  3 orc sorcerers
  A gargoyle (D:11)
  Psyche (D:9)
  A two-headed ogre (D:11)
  2 trolls
  4 yaks
  A ynoxinul (Orc:3)
  2 hungry ghosts
  An elf skeleton (D:12)
  A hippogriff (D:9)
  3 wargs
  3 water moccasins
  5 orc warriors
  A centaur (D:12)
  2 ice beasts
  A black bear (D:12)
  2 ogres
  3 giant frogs
  A gnoll sergeant (Orc:4)
  2 jellies (D:9)
  A scorpion (D:9)
  4 killer bees (D:9)
  2 crimson imps
  A giant frog zombie (D:11)
  3 orc priests
  A hound (D:9)
  A worker ant (D:12)
  5 orc wizards
  4 gnolls (Orc:4)
  A shadow imp (D:10)
  3 ufetubi (Orc:3)
  17 orcs
  A bat skeleton (D:9)
  6 goblins
  2 hobgoblins
  A jackal (D:11)
  2 bats
  A kobold (D:11)
  An orc zombie (Orc:4)
106 creatures vanquished.

Vanquished Creatures (others)
  5 orc warriors
  6 orc wizards
  5 orc priests
  A giant mite (D:6)
  A shadow imp (D:6)
  An ufetubus (Orc:3)
  44 orcs
  A giant cockroach (D:6)
  A quokka (D:10)
  A giant spore (D:8)
  An orc zombie (D:8)
  A rat (D:6)
68 creatures vanquished.

Grand Total: 480 creatures vanquished

Notes
Turn   | Place    | Note
--------------------------------------------------------------
     0 | D:1      | HiobMontag, the Hill Orc Fighter, began the quest for the Orb.
     0 | D:1      | Reached XP level 1. HP: 19/19 MP: 1/1
   232 | D:1      | Reached XP level 2. HP: 27/27 MP: 2/2
   816 | D:2      | Reached XP level 3. HP: 33/33 MP: 3/3
  1003 | D:2      | Reached skill level 4 in Shields
  1666 | D:3      | Reached XP level 4. HP: 40/40 MP: 4/4
  2117 | D:3      | Reached skill level 1 in Dodging
  2189 | D:3      | Reached XP level 5. HP: 44/46 MP: 5/5
  3114 | D:4      | Found Gack's Antique Armour Boutique.
  3396 | D:5      | Entered Level 5 of the Dungeon
  3430 | D:5      | Learned a level 1 spell: Infusion
  3595 | D:5      | Reached skill level 1 in Axes
  3595 | D:5      | Reached XP level 6. HP: 33/53 MP: 6/6
  3796 | D:5      | Found a deep blue altar of Sif Muna.
  3845 | D:5      | Gained mutation: You are frail (-10% HP). [mutagenic glow]
  3872 | D:5      | Found a glowing silver altar of Zin.
  3959 | D:6      | Became a worshipper of Beogh the Brigand
  4054 | D:6      | Reached skill level 1 in Spellcasting
  4054 | D:6      | Reached skill level 1 in Charms
  4054 | D:6      | Reached XP level 7. HP: 32/54 MP: 7/10
  4068 | D:6      | Found a shadowy altar of Dithmenos.
  4267 | D:6      | Found a glowing drain.
  4306 | Sewer    | Entered a sewer
  4639 | Sewer    | Reached skill level 5 in Shields
  4675 | Sewer    | Acquired Beogh's first power
  4735 | Sewer    | Gained mutation: You have a somewhat thin skeletal structure (Dex +2, Stealth). [mutagenic glow]
  4774 | Sewer    | Gained mutation: You are dopey. (Int -2) [mutagenic glow]
  4859 | D:6      | Found a staircase to the Ecumenical Temple.
  4888 | D:6      | Found a burning altar of Makhleb.
  4954 | D:6      | Found a shattered altar of Ashenzari.
  5175 | D:4      | Bought a pair of jewelled gloves for 285 gold pieces
  5243 | D:7      | Reached skill level 5 in Fighting
  5285 | D:7      | Found a sand-covered staircase.
  5321 | Ossuary  | Entered an ossuary
  5435 | Ossuary  | Noticed a flying skull
  5435 | Ossuary  | Noticed a wraith
  5441 | Ossuary  | Noticed a flying skull
  5451 | Ossuary  | Noticed a flying skull
  5493 | Ossuary  | Noticed a flying skull
  5494 | Ossuary  | Noticed a wraith
  5508 | Ossuary  | Killed a wraith
  5508 | Ossuary  | Reached skill level 5 in Armour
  5508 | Ossuary  | Reached XP level 8. HP: 21/61 MP: 13/13
  5715 | Ossuary  | Noticed a wraith
  5726 | Ossuary  | Killed a wraith
  5787 | Ossuary  | Gained mutation: You are weak. (Str -2) [mutagenic glow]
  5903 | D:7      | Lost mutation: You are dopey. (Int -2) [mutagenic glow]
  5904 | D:7      | Noticed Joseph
  5940 | D:7      | Killed Joseph
  6107 | D:7      | Acquired Beogh's second power
  6113 | D:7      | Identified the cursed -5 pair of gloves "Xes Laaq" {rC+} (You bought it in a shop on level 4 of the Dungeon)
  6190 | D:7      | Reached XP level 9. HP: 61/66 MP: 18/18
  6300 | D:7      | Gained mutation: Armour fits poorly on your strangely shaped body. [mutagenic glow]
  6358 | D:7      | Gained mutation: Your mind is acute. (Int +2) [mutagenic glow]
  6400 | D:7      | Reached skill level 6 in Shields
  7252 | D:8      | Gained mutation: You are very frail (-20% HP). [mutagenic glow]
  7299 | D:8      | Lost mutation: Your mind is acute. (Int +2) [mutagenic glow]
  7664 | D:8      | HP: 2/60 [something (4)]
  8948 | D:8      | Reached skill level 1 in Stealth
  9334 | D:8      | Found a white marble altar of Elyvilon.
  9445 | D:9      | Acquired Beogh's third power
  9545 | D:9      | Reached skill level 7 in Shields
  9634 | D:9      | Lost mutation: You have a somewhat thin skeletal structure (Dex +2, Stealth). [mutagenic glow]
  9682 | D:9      | Reached skill level 5 in Axes
  9767 | D:9      | Gained mutation: You occasionally shout uncontrollably at your foes. [mutagenic glow]
  9775 | D:9      | Found an ancient bone altar of Kikubaaqudgha.
  9777 | D:9      | Reached XP level 10. HP: 62/66 MP: 20/20
  9947 | D:9      | Gained Olfrun as an ally
 10328 | D:9      | Acquired Beogh's fourth power
 10363 | D:9      | Reached skill level 5 in Dodging
 10430 | D:9      | Noticed Maurice
 10437 | D:9      | Killed Maurice
 10439 | D:9      | Gained mutation: You sometimes yell uncontrollably at your foes. [mutagenic glow]
 10444 | D:9      | Identified a scroll of acquirement
 10447 | D:9      | Lost mutation: You are very frail (-20% HP). [potion of cure mutation]
 10447 | D:9      | Lost mutation: You are weak. (Str -2) [potion of cure mutation]
 10447 | D:9      | Lost mutation: Armour fits poorly on your strangely shaped body. [potion of cure mutation]
 10447 | D:9      | Lost mutation: You sometimes yell uncontrollably at your foes. [potion of cure mutation]
 10450 | D:9      | Gained mutation: You have a somewhat thin skeletal structure (Dex +2, Stealth). [potion of mutation]
 10450 | D:9      | Gained mutation: Your vision is a little blurry. [potion of mutation]
 10450 | D:9      | Gained mutation: You have a pair of small horns on your head. [potion of mutation]
 10607 | D:9      | Lost mutation: You have a pair of small horns on your head. [mutagenic glow]
 10621 | D:9      | Noticed Psyche
 10633 | D:9      | Killed Psyche
 10640 | D:9      | Gained mutation: Your body is slowly deteriorating. [mutagenic glow]
 10724 | D:10     | Entered Level 10 of the Dungeon
 10843 | D:10     | Lost mutation: Your vision is a little blurry. [potion of cure mutation]
 10843 | D:10     | Lost mutation: You are frail (-10% HP). [potion of cure mutation]
 10843 | D:10     | Lost mutation: Your body is slowly deteriorating. [potion of cure mutation]
 10843 | D:10     | Lost mutation: You occasionally shout uncontrollably at your foes. [potion of cure mutation]
 10843 | D:10     | Lost mutation: You have a somewhat thin skeletal structure (Dex +2, Stealth). [potion of cure mutation]
 10863 | D:10     | Noticed Erolcha
 10870 | D:10     | Killed Erolcha
 10870 | D:10     | Reached skill level 8 in Shields
 10995 | D:10     | Found a white marble altar of Elyvilon.
 11096 | D:10     | Found a staircase to the Lair.
 11655 | D:10     | Found Clierahu's Antique Armour Shoppe.
 11658 | D:10     | Bought a pair of embroidered gloves for 121 gold pieces
 11923 | D:11     | Reached XP level 11. HP: 85/91 MP: 16/22
 12070 | D:11     | Noticed a cyclops
 12079 | D:11     | Killed a cyclops
 12079 | D:11     | Reached skill level 5 in Spellcasting
 12104 | D:11     | Reached skill level 5 in Charms
 12209 | D:11     | Noticed Gastronok
 12219 | D:11     | Killed Gastronok
 12527 | D:12     | Found Treobipp's Antique Armour Emporium.
 12536 | D:12     | Noticed an orc knight
 12549 | D:12     | Killed an orc knight
 12880 | D:12     | Acquired Beogh's fifth power
 12886 | D:12     | Reached skill level 9 in Shields
 13059 | D:12     | Gained mutation: You have large cloven feet. [potion of beneficial mutation]
 13208 | D:12     | Found a staircase to the Orcish Mines.
 13243 | Orc:1    | Entered Level 1 of the Orcish Mines
 13286 | Orc:1    | Noticed an orc knight
 13295 | Orc:1    | Killed an orc knight
 13771 | Orc:2    | Found Clorr's Book Shoppe.
 13791 | Orc:2    | Learned a level 2 spell: Song of Slaying
 13823 | Orc:2    | Noticed an orc high priest
 14043 | Orc:2    | Noticed an orc knight
 14053 | Orc:2    | Killed an orc knight
 14179 | Orc:3    | Noticed Nessos
 14197 | Orc:3    | Killed Nessos
 14542 | Orc:3    | Noticed an orc knight
 14550 | Orc:3    | Killed an orc knight
 14990 | Orc:4    | Entered Level 4 of the Orcish Mines
 15018 | Orc:4    | Noticed Saint Roka
 15026 | Orc:4    | Reached XP level 12. HP: 85/101 MP: 21/25
 15377 | Orc:4    | Killed from afar by Saint Roka

Action                   |  1- 3 |  4- 6 |  7- 9 | 10-12 || total
-------------------------+-------+-------+-------+-------++-------
Melee: Trident           |   188 |    76 |       |       ||   264
       War axe           |       |    94 |       |       ||    94
       Spear             |       |     6 |       |       ||     6
       Hand axe          |       |    58 |   517 |   222 ||   797
       Broad axe         |       |       |       |   154 ||   154
Throw: Tomahawk          |       |       |     6 |     1 ||     7
 Cast: Infusion          |       |       |       |    15 ||    15
       Song of Slaying   |       |       |       |     1 ||     1
Invok: Convert to Beogh  |       |     1 |       |       ||     1
       Smiting           |       |       |     1 |       ||     1
       Give Item to Name |       |       |       |     1 ||     1
Evoke: Wand              |       |       |     5 |     4 ||     9
  Use: Potion            |     2 |     2 |     6 |    17 ||    27
       Scroll            |     1 |     5 |    14 |     7 ||    27
 Stab: Distracted        |       |       |       |     3 ||     3
  Eat: Chunk             |     2 |     9 |    14 |    17 ||    42
       Beef jerky        |       |       |     2 |     2 ||     4
       Pizza             |       |       |     2 |       ||     2
       Bread ration      |       |       |     1 |     1 ||     2
